 Dungeon Crawl Stone Soup version 0.20.0-7-g3b7b877 (webtiles) character file.

59 stringdemon the Insei (level 4, -3/21 HPs)
             Began as a Vine Stalker Transmuter on May 29, 2017.
             Slain by Crazy Yiuf
             ... wielding a +3 quarterstaff of chaos
              (6 damage)
             ... on level 2 of the Dungeon.
             The game lasted 00:05:34 (2047 turns).

stringdemon the Insei (Vine Stalker Transmuter)     Turns: 2047, Time: 00:05:35

Health: -3/21      AC:  3    Str: 13    XL:     4   Next: 3%
Magic:  0/8        EV: 12    Int: 14    God:
Gold:   44         SH:  0    Dex: 14    Spells: 6/7 levels left

rFire    . . .     SeeInvis .     - Unarmed
rCold    . . .     Gourm    .   (no shield)
rNeg     . . .     Faith    .   b - +0 robe
rPois    .         Spirit   +   (no helmet)
rElec    .         Reflect  .   (no cloak)
rCorr    .         Harm     .   l - +0 pair of gloves
MR       .....                  (boots currently unavailable)
Stlth    +.........             (no amulet)
Regen    0.5/turn               n - ring of wizardry
MPRegen  0.2/turn               (no ring)

@: lethally poisoned (-3 -> -3), appendage (expiring)
A: fangs 2, talons 3, regeneration 1, magic shield, antimagic bite, no potion
heal 3, rot immunity
a: End Transformation


You were on level 2 of the Dungeon.
You were full.
You had grown temporary talons.
You visited 1 branch of the dungeon, and saw 2 of its levels.

You collected 44 gold pieces.

Inventory:

Missiles
 a - 12 arrows
 i - 84 stones (quivered)
Armour
 b - a +0 robe (worn)
 l - a +0 pair of gloves (worn)
Jewellery
 n - a ring of wizardry (left hand)
Potions
 e - 3 potions of curing
 g - 2 potions of haste {unknown}
Books
 c - a book of Changes

   Spells                             Type                      Level
   a - Beastly Appendage              Transmutation                1
   b - Sticks to Snakes               Transmutation                2
   c - Spider Form                    Transmutation/Poison         3
   d - Ice Form                       Ice/Transmutation            4
   e - Blade Hands                    Transmutation                5
Comestibles
 d - 2 bread rations
 k - 2 fruits


   Skills:
 - Level 0.8 Fighting
 - Level 1.5 Dodging
 + Level 4.4 Unarmed Combat
 - Level 2.1 Spellcasting
 + Level 2.6 Transmutations


You had 6 spell levels left.
You knew the following spells:

 Your Spells              Type           Power        Failure   Level  Hunger
a - Beastly Appendage     Tmut           #.....       3%          1    #......


Dungeon Overview and Level Annotations

Branches:
Dungeon (2/15)

Altars:

Annotations:
D:2 Crazy Yiuf


Innate Abilities, Weirdness & Mutations

You have extremely sharp teeth.
Your natural rate of healing is unusually fast.
When hurt, damage is shared between your health and your magic reserves.
Your bite disrupts and absorbs the magic of your enemies.
Potions cannot restore your health.
You are immune to rotting.
You have claws for feet.


Message History

Crazy Yiuf is heavily wounded.
Crazy Yiuf closely misses you.
You hit Crazy Yiuf. You claw Crazy Yiuf, but do no damage.
You bite Crazy Yiuf, but do no damage.
Crazy Yiuf is severely wounded.
Your transformation is almost over.
Crazy Yiuf barely misses you.
You miss Crazy Yiuf. Your kick misses Crazy Yiuf.
Crazy Yiuf is severely wounded.
Crazy Yiuf hits you with a quarterstaff of chaos!
* * * LOW HITPOINT WARNING * * *
You are poisoned.
You hit Crazy Yiuf. You claw Crazy Yiuf, but do no damage.
Crazy Yiuf is almost dead.
You feel sick. Crazy Yiuf barely misses you.
You hit Crazy Yiuf. Your kick misses Crazy Yiuf. Your bite misses Crazy Yiuf.
Crazy Yiuf is almost dead.
You feel sick.
Crazy Yiuf hits you with a quarterstaff of chaos!
You die...

#.# ##.#
####....#### #.#
#.. ##.####.#
#....# #.# #..
........# ♣....♣
#.###.# ##.###..#
♣♣..)♣
######...... #.#
#..#### ♣♣.♣♣
#.....####.#
##.###.....# ♣♣.♣
#..#...###.#
........#### ♣.♣♣
#...#.#.#.#.
...#......># ♣♣.♣
#...[.#....#
####....#### ♣@♣♣
#..........#
#######.#### #g#
#.....#....#
...........# ...
#...........
############
#...#
##..........
#)..#
#.........<.
#####
#######....#
#..... ######
#...##
#.##.########.###


You could see Crazy Yiuf.

Vanquished Creatures
  2 adders (D:2)
  A worm (D:2)
  A dart slug (D:2)
  3 leopard geckos
  A ball python (D:1)
  2 giant cockroaches (D:2)
  A goblin (D:2)
  2 hobgoblins
  8 jackals
  A quokka (D:2)
  A bat (D:1)
  5 kobolds
  3 rats
31 creatures vanquished.

Notes
Turn   | Place    | Note
-------+----------+-------------------------------------------
     0 | D:1      | stringdemon the Vine Stalker Transmuter began the quest for the Orb.
     0 | D:1      | Reached XP level 1. HP: 9/9 MP: 4/4
   512 | D:1      | Reached XP level 2. HP: 14/14 MP: 6/6
   983 | D:2      | Reached skill level 4 in Unarmed Combat
   983 | D:2      | Reached XP level 3. HP: 17/17 MP: 7/7
  1663 | D:2      | Found a runed door.
  1727 | D:2      | Gained mutation: Your natural rate of healing is unusually fast. [Vine Stalker growth]
  1727 | D:2      | Reached XP level 4. HP: 21/21 MP: 8/8
  2036 | D:2      | Noticed Crazy Yiuf
  2047 | D:2      | Slain by Crazy Yiuf

Skill      XL: |  1  2 |
---------------+-------+-----
Unarmed Combat | 4 |  4.4
Fighting       | |  0.8
Dodging        | |  1.5
Spellcasting   | |  2.1
Transmutations | |  2.6

Action                   |  1- 3 |  4- 6 || total
-------------------------+-------+-------++-------
Melee: Unarmed           |   100 |     8 ||   108
       Bite              |    23 |     2 ||    25
       Kick              |     3 |     2 ||     5
       Punch             |     2 |       ||     2
       Headbutt          |     4 |       ||     4
Throw: Stone             |     7 |       ||     7
 Cast: Beastly Appendage |    10 |     1 ||    11
  Use: Scroll            |     2 |       ||     2
  Eat: Chunk             |     3 |       ||     3
       Meat ration       |       |     1 ||     1
Armor: Robe              |    17 |       ||    17
Dodge: Dodged            |    71 |     4 ||    75
